 Dungeon Crawl Stone Soup version 0.24.1-8-ga250c9d538 (webtiles) character file.

Game seed: 10734802038591187265, levelgen mode: deterministic

149 Peloso the Skirmisher (level 5, -1/41 HPs)
             Began as a Demonspawn Fighter on May 8, 2020.
             Slain by an ogre
             ... wielding a +0 giant club
              (13 damage)
             ... on level 4 of the Dungeon.
             The game lasted 00:07:00 (2467 turns).

Peloso the Skirmisher (Demonspawn Fighter)          Turns: 2467, Time: 00:07:00

Health: -1/41      AC:  8    Str: 23    XL:     5   Next: 9%
Magic:  5/5        EV:  7    Int: 11    God:
Gold:   142        SH:  9    Dex: 12    Spells: 4/4 levels left

rFire    . . .     SeeInvis .   a - +0 long sword
rCold    + . .     Gourm    .   c - +0 shield
rNeg     . . .     Faith    .   p - +0 scale mail
rPois    .         Spirit   .   (no helmet)
rElec    .         Reflect  .   v - +0 cloak
rCorr    .         Harm     .   (no gloves)
MR       .....                  (no boots)
Stlth    ..........             (no amulet)
HPRegen  0.13/turn              o - +2 ring of intelligence
MPRegen  0.09/turn              s - ring of protection from cold

@: mighty
A: powered by pain 2
a: no special abilities


You were on level 4 of the Dungeon.
You were not hungry.

You visited 1 branch of the dungeon, and saw 4 of its levels.

You collected 142 gold pieces.

Inventory:

Hand Weapons
 a - a +0 long sword (weapon)
 b - a +2 war axe of flaming
Armour
 c - a +0 shield (worn)
 p - a +0 scale mail (worn)
 v - a +0 cloak (worn)
Jewellery
 o - a +2 ring of intelligence (left hand)
 s - a ring of protection from cold (right hand)
Scrolls
 e - a scroll of magic mapping {unknown}
 g - 9 scrolls of remove curse {unknown}
 h - a scroll of teleportation {unknown}
 j - 3 scrolls of fear {unknown}
 q - 2 scrolls of enchant armour {unknown}
 r - 3 scrolls of identify {unknown}
 t - a scroll of noise {unknown}
 w - a scroll of random uselessness {unknown}
Potions
 d - 2 potions of might
 i - 6 potions of curing {unknown}
 k - a potion of brilliance {unknown}
 l - a potion of flight {unknown}
 m - a potion of haste
 n - 3 potions of lignification {unknown}
 u - a potion of agility {unknown}
Comestibles
 f - 6 rations
 x - a chunk of flesh


   Skills:
 + Level 3.6 Fighting
 + Level 3.5 Long Blades
 + Level 3.3 Armour
 + Level 0.6 Dodging
 + Level 3.1 Shields


You had 4 spell levels left.
You didn't know any spells.
Your spell library was empty.

Dungeon Overview and Level Annotations

Branches:
Dungeon (4/15)
 Temple: D:4-7

Altars:
Ru


Innate Abilities, Weirdness & Mutations

You sometimes gain power by taking damage.


Message History

The hound bites you but does no damage.
A giant cockroach comes into view.
The hound bites you.
You hit the ogre.
The ogre is moderately wounded.
The ogre hits you with a +0 giant club!
You focus on the pain.
You feel very mighty all of a sudden. You block the hound's attack.
The hound barely misses you. You block the ogre's attack.
You slash the ogre!
The ogre is severely wounded.
The hound bites you.
* * * LOW HITPOINT WARNING * * *
The hound barely misses you.
You riposte.
You miss the hound. The ogre hits you but does no damage.
You slash the ogre!
The ogre is almost dead.
The hound bites you but does no damage. x2
The ogre hits you with a +0 giant club!
You die...

.##........##
......#....
...#.#...
.###.......
..........
#......#
#shO.#
##.S@.#
#...<##
.......##
.......
....#..
....### ...
..


You could see an ogre, a hound, an adder and a giant cockroach.

Vanquished Creatures
  3 gnolls (D:2)
  5 adders
  An ooze (D:3)
  2 worms
  A dart slug (D:3)
  3 orcs (D:3)
  3 giant cockroaches
  7 goblins
  4 hobgoblins
  5 jackals
  11 kobolds
  A quokka (D:3)
  A ball python (D:3)
  4 bats
  6 frilled lizards
  7 rats
64 creatures vanquished.

Vanquished Creatures (others)
  4 toadstools (D:1)
4 creatures vanquished.

Grand Total: 68 creatures vanquished

Notes
Turn   | Place    | Note
-------+----------+-------------------------------------------
     0 | D:1      | Peloso the Demonspawn Fighter began the quest for the Orb.
     0 | D:1      | Reached XP level 1. HP: 18/18 MP: 1/1
   351 | D:1      | Gained mutation: You sometimes gain a little power by
                  | taking damage. [demonic ancestry]
   351 | D:1      | Reached XP level 2. HP: 17/24 MP: 2/2
   863 | D:2      | Reached XP level 3. HP: 13/29 MP: 3/3
  1279 | D:2      | Gained mutation: You sometimes gain power by taking damage.
                  | [demonic ancestry]
  1279 | D:2      | Reached XP level 4. HP: 17/35 MP: 4/4
  2044 | D:3      | Found a sacrificial altar of Ru.
  2214 | D:3      | Reached XP level 5. HP: 41/41 MP: 5/5
  2458 | D:4      | Noticed an ogre
  2467 | D:4      | Slain by an ogre

Levels and vault maps discovered:
D:1:      ldierk_walled_garden_2, layout_loops_ring
D:2:      cheibrodos_old_hovel, layout_rooms
D:3:      layout_loops_ring, old_standard_altar, first_ration
D:4:      layout_cave_pools, vehumet_statue,
          minmay_temple_entry_statues_fountains, uniq_crazy_yiuf_cottage,
          uniq_menkaure, uniq_sigmund

Skill      XL: |  1  2  3  4 |
---------------+-------------+-----
Long Blades    | 2 3 |  3.5
Armour         | 3 |  3.3
Shields        | 3 |  3.1
Fighting       | |  3.6
Dodging        | |  0.6

Action                   |  1- 3 |  4- 6 || total
-------------------------+-------+-------++-------
Melee: Long sword        |   111 |   125 ||   236
  Use: Potion            |     3 |       ||     3
  Eat: Chunk             |     1 |     4 ||     5
Armor: Scale mail        |    82 |    67 ||   149
Dodge: Dodged            |    48 |    46 ||    94
Block: Shield            |    69 |    78 ||   147
       Rpst.: Long sword |    12 |    15 ||    27
